 Dungeon Crawl Stone Soup version 0.17.1-1-g73c8601 (console) character file.

763 Kloppie the Slasher (level 7, -2/61 HPs)
             Began as a Centaur Gladiator on Dec 25, 2015.
             Slain by a killer bee (3 damage)
             ... on level 6 of the Dungeon.
             The game lasted 00:08:13 (7262 turns).

Kloppie the Slasher (Centaur Gladiator)             Turns: 7262, Time: 00:08:13

Health: -2/61      AC:  8    Str: 17    XL:     7   Next: 51%
Magic:  7/7        EV:  8    Int:  7    God:
Gold:   265        SH:  0    Dex: 12    Spells: 0 memorised, 6 levels left

rFire  . . .     SeeInvis .     a - +0 long sword
rCold  . . .     Clarity  .     y - +0 scale mail
rNeg   + . .     SustAt   .     (no shield)
rPois  .         Gourm    .     w - +0 helmet
rElec  .         Spirit   .     (no cloak)
rCorr  .         Warding  .     (no gloves)
rMut   .         Stasis   .     (no barding)
MR     .....                    (no amulet)
Stlth  ..........               r - ring of flight
                                m - ring of positive energy

@: lethally poisoned (-2 -> -11), very quick, not resistant to hostile
enchantments, extremely unstealthy
A: hooves 3, deformed body, speed 2, tough skin 3
a: Evoke Flight


You were on level 6 of the Dungeon.
You were hungry.

You visited 1 branch of the dungeon, and saw 6 of its levels.

You collected 265 gold pieces.

Inventory:

Hand Weapons
 a - a +0 long sword (weapon)
Missiles
 q - a throwing net (quivered)
Armour
 w - a +0 helmet (worn)
 y - a +0 scale mail (worn)
Jewellery
 c - an uncursed amulet of the gourmand {unknown}
 m - a ring of positive energy (left hand)
 r - a ring of flight (right hand)
Scrolls
 f - 6 scrolls of remove curse {unknown}
 j - 3 scrolls of teleportation {unknown}
 n - 2 scrolls of identify {unknown}
 o - a scroll of recharging {unknown}
 p - a scroll of fear {unknown}
 t - a scroll of magic mapping {unknown}
Potions
 b - a potion of heal wounds {unknown}
 d - a potion of agility {unknown}
 i - a potion of degeneration {unknown}
 k - a potion of invisibility {unknown}
 u - a potion of might {unknown}
 v - a potion of cancellation {unknown}
 z - 2 potions of flight {unknown}
Comestibles
 e - 3 bread rations
 l - a slice of pizza
 s - 4 meat rations
 x - 2 fruits


   Skills:
 + Level 5.1 Fighting
 + Level 5.3 Long Blades
 - Level 2.1 Throwing
 + Level 3.3 Armour
 - Level 2.1 Dodging


You had 6 spell levels left.
You didn't know any spells.

Dungeon Overview and Level Annotations

Branches:
Dungeon (6/15)             Temple (0/1) D:4

Altars:
Dithmenos
Gozag
Yredelemnul

Shops:
D:4 [


Innate Abilities, Weirdness & Mutations

You have hooves in place of feet.
Armour fits poorly on your strangely shaped body.
You cover ground very quickly.
You have extremely tough skin (AC +3).


Message History

You closely miss the killer bee.
The killer bee is severely wounded.
You feel sick. The killer bee stings you.
* * * LOW HITPOINT WARNING * * *
You are more poisoned.
The killer bee poisons you! The killer bee stings you.
* * * LOW HITPOINT WARNING * * *
Your scale mail prevents you from hitting the killer bee.
The killer bee is severely wounded.
* * * LOW HITPOINT WARNING * * *
You feel sick. The killer bee stings you.
* * * LOW HITPOINT WARNING * * *
The killer bee stings you.
* * * LOW HITPOINT WARNING * * *
The killer bee barely misses you.
You barely miss the killer bee.
The killer bee is severely wounded.
* * * LOW HITPOINT WARNING * * *
You feel sick. The killer bee barely misses you. The killer bee stings you.
You die...

..###. .....
##....#
##.....##
##.......##
.####..........
...............
#..@......#
#...y.....#
##.......##
#.....###
#######


You could see a killer bee.

Vanquished Creatures
  A water moccasin (D:5)
  2 scorpions
  2 orc priests (D:3)
  A hound (D:3)
  A giant frog skeleton (D:5)
  2 worker ants
  4 orc wizards
  2 hound skeletons (D:4)
  Robin (D:3)
  3 gnolls (D:3)
  9 adders
  2 oozes
  4 worms
  4 giant geckos
  13 orcs
  A ball python (D:2)
  5 giant cockroaches
  6 hobgoblins
  5 jackals
  9 kobolds
  3 quokkas
  11 bats
  A giant gecko zombie (D:4)
  5 giant newts
  15 goblins
  10 rats
122 creatures vanquished.

Notes
Turn   | Place    | Note
--------------------------------------------------------------
     0 | D:1      | Kloppie the Centaur Gladiator began the quest for the Orb.
     0 | D:1      | Reached XP level 1. HP: 17/17 MP: 1/1
   424 | D:1      | Reached XP level 2. HP: 22/25 MP: 2/2
   507 | D:1      | Reached skill level 3 in Long Blades
  1005 | D:2      | Reached skill level 1 in Armour
  1040 | D:2      | Reached XP level 3. HP: 26/30 MP: 3/3
  1662 | D:2      | Reached XP level 4. HP: 23/37 MP: 4/4
  2096 | D:2      | Found an opulent altar of Gozag.
  2838 | D:3      | Reached XP level 5. HP: 20/45 MP: 5/5
  3519 | D:3      | Reached skill level 4 in Long Blades
  3622 | D:3      | Noticed Robin
  3660 | D:3      | Killed Robin
  3660 | D:3      | Reached XP level 6. HP: 33/52 MP: 6/6
  4726 | D:4      | Found a staircase to the Ecumenical Temple.
  5634 | D:4      | Reached XP level 7. HP: 50/60 MP: 7/7
  6030 | D:3      | Reached skill level 5 in Long Blades
  6678 | D:4      | Found Xucw's Armour Boutique.
  6772 | D:4      | Found a shadowy altar of Dithmenos.
  6772 | D:4      | Found a basalt altar of Yredelemnul.
  6916 | D:5      | Entered Level 5 of the Dungeon
  7180 | D:5      | Reached skill level 5 in Fighting
  7261 | D:6      | HP: 3/61 [killer bee (3)]
  7262 | D:6      | HP: 1/61 [poisoned by a killer bee]
  7262 | D:6      | Slain by a killer bee

Action                   |  1- 3 |  4- 6 |  7- 9 || total
-------------------------+-------+-------+-------++-------
Melee: Long sword        |   119 |   283 |    90 ||   492
Throw: Throwing net      |     3 |     5 |     3 ||    11
  Use: Potion            |       |       |     2 ||     2
 Stab: Held in net/web   |       |     2 |     3 ||     5
  Eat: Chunk             |     1 |    12 |     4 ||    17
